 Dungeon Crawl Stone Soup version 0.31-a0-844-gdc52ec4e09 (webtiles) character file.

Game seed: 16420408848081477456

462 Dittersdorf the Trooper (level 7, 0/44 HPs)
             Began as a Gargoyle Fighter on Sept 28, 2023.
             Was an Initiate of Gozag.
             Slain by an orc warrior
             ... wielding a +0 hand axe
              (8 damage)
             ... on level 5 of the Dungeon.
             The game lasted 00:05:04 (3261 turns).

Dittersdorf the Trooper (Gargoyle Fighter)          Turns: 3261, Time: 00:05:05

Health: 0/44       AC: 19    Str: 21    XL:     7   Next: 7%
Magic:  7/7        EV:  8    Int:  9    God:    Gozag
Gold:   197        SH:  4    Dex:  9    Spells: 6/6 levels left

rFire   . . .        a - +0 flail
rCold   . . .        c - +0 buckler
rNeg    + . .        h - +1 chain mail
rPois   ∞            (no helmet)
rElec   +            (no cloak)
rCorr   .            (no gloves)
SInv    .            (no boots)
Will    .....        (no amulet) Stlth
                     m - +4 ring of protection
HPRegen 0.27/turn    (no ring)
MPRegen 0.10/turn

%: no passive effects
@: no status effects
A: sickness immunity, AC +4, negative energy resistance 1, electricity
resistance, torment resistance 1, petrification resistance
a: Renounce Religion, Potion Petition, Call Merchant, Bribe Branch


You were on level 5 of the Dungeon.
You worshipped Gozag.
Gozag was aware of your devotion.
You visited 2 branches of the dungeon, and saw 6 of its levels.

You collected 249 gold pieces.
You paid 52 gold pieces to Gozag.

Inventory:

Hand Weapons
 a - a +0 flail (weapon)
Armour
 c - a +0 buckler (worn)
 h - a +1 chain mail (worn)
Jewellery
 m - a +4 ring of protection (left hand)
Wands
 i - a wand of roots (12)
 j - a wand of flame (6) (quivered)
 n - a wand of charming (3)
Scrolls
 f - a scroll of teleportation
 g - a scroll of poison
Potions
 d - a potion of might
 e - 2 potions of mutation
 k - 3 potions of enlightenment


   Skills:
 + Level 5.1 Fighting
 + Level 4.0 Maces & Flails
 + Level 5.0 Armour
 + Level 5.0 Shields


You had 6 spell levels left.
You didn't know any spells.
Your spell library contained the following spells:

 Spells                   Type           Power      Damage    Failure   Level
 Freeze                   Ice            0%         1d3       97%         1
 Frozen Ramparts          Ice            0%         1d1       100%        3
 Hailstorm                Conj/Ice       0%         3d3       100%        3
 Stone Arrow              Conj/Erth      0%         3d7       100%        3
 Animate Armour           Summ/Erth      0%         N/A       100%        4
 Lehudib's Crystal Spear  Conj/Erth      0%         10d2      100%        8


Dungeon Overview and Level Annotations

Branches:
Dungeon (5/15)             Temple (1/1) D:4

Altars:
Ashenzari
Cheibriados
Dithmenos
Elyvilon
Fedhas
Gozag
Kikubaaqudgha
Makhleb
Nemelex Xobeh
Ru
Trog
Wu Jian
Yredelemnul
Zin
The Shining One

Shops:
D:4 *


Innate Abilities, Weirdness & Mutations

You are immune to sickness and miasma.
Your stone body is resilient. (AC +4)
You are immune to poison.
You resist negative energy. (rN+)
You are resistant to electric shocks. (rElec)
You are resistant to unholy torment.
You are immune to petrification.


Message History

The orc attacks as it pursues you! The orc closely misses you.
The orc attacks as it pursues you! The orc hits you but does no damage.
You barely miss the orc. You block the orc's attack.
You hit the orc.
The orc is severely wounded.
The orc hits you but does no damage.
You sock the orc warrior!
The orc warrior is moderately wounded.
You barely miss the orc warrior.
The orc warrior is moderately wounded.
The orc warrior hits you but does no damage.
You barely miss the orc warrior.
The orc warrior is moderately wounded.
You block the orc warrior's attack.
The orc warrior hits you but does no damage.
You hit the orc warrior.
The orc warrior is heavily wounded.
The orc warrior hits you but does no damage.
You closely miss the orc warrior.
The orc warrior is heavily wounded.
You block the orc warrior's attack.
You closely miss the orc warrior.
The orc warrior is heavily wounded.
The orc warrior hits you with a +0 hand axe.
You barely miss the orc warrior.
The orc warrior is heavily wounded.
The orc warrior barely misses you.
The orc warrior hits you with a +0 hand axe.
You hit the orc warrior.
The orc warrior is heavily wounded.
The orc warrior barely misses you.
You completely miss the orc warrior.
The orc warrior is heavily wounded.
The orc warrior hits you with a +0 hand axe!
* * * LOW HITPOINT WARNING * * *
You hit the orc warrior.
The orc warrior is severely wounded.
The orc warrior hits you with a +0 hand axe!
You die...
Your body crumbles into a pile of gold.

####### .....# .....#
....#### .......#
############......#
#......@ooo'......+
###.##########......##
#.#.#.#.#.............
.#.#.#.#.############.
#.#.#.#.########
#.#.#.#........
#.#.#.########
#.#.#........
#.#.#.########


You could see an orc warrior and 2 orcs.

Vanquished Creatures
  A centaur (D:5)
  2 scorpions
  A jelly (D:4)
  2 iguanas
  A sleepcap (D:3)
  2 orc wizards (D:3)
  3 adders
  3 worms
  4 dart slugs
  6 orcs
  6 bats
  7 endoplasms
  2 giant cockroaches
  3 goblins
  4 hobgoblins
  8 jackals
  2 quokkas
  4 ball pythons
  4 kobolds
  6 rats
71 creatures vanquished.

Notes
Turn   | Place    | Note
-------+----------+-------------------------------------------
     0 | D:1      | Dittersdorf the Gargoyle Fighter began the quest for the
                  | Orb.
     0 | D:1      | Reached XP level 1. HP: 14/14 MP: 1/1
   537 | D:2      | Reached XP level 2. HP: 19/19 MP: 2/2
   696 | D:1      | Reached XP level 3. HP: 3/23 MP: 3/3
  1165 | D:3      | Found an ancient bone altar of Kikubaaqudgha.
  1316 | D:3      | Reached XP level 4. HP: 23/29 MP: 4/4
  1409 | D:3      | Reached XP level 5. HP: 12/33 MP: 5/5
  1867 | D:3      | Found a glowing golden altar of the Shining One.
  2021 | D:3      | Found an ornate altar of the Wu Jian Council.
  2363 | D:4      | Reached XP level 6. HP: 36/39 MP: 6/6
  2365 | D:4      | Found a staircase to the Ecumenical Temple.
  2378 | Temple   | Entered the Ecumenical Temple
  2450 | Temple   | Became a worshipper of Gozag Ym Sagoz the Greedy
  2932 | D:4      | Found Loit's General Store.
  3117 | D:5      | Entered Level 5 of the Dungeon
  3145 | D:5      | Reached skill level 5 in Fighting
  3237 | D:5      | Noticed an orc warrior
  3246 | D:5      | Reached skill level 5 in Armour
  3246 | D:5      | Reached skill level 5 in Shields
  3246 | D:5      | Reached XP level 7. HP: 20/44 MP: 7/7
  3261 | D:5      | Slain by an orc warrior

Illustrated notes

Levels and vault maps discovered:
D:1:      ebering_trefoil_3fold, layout_basic
D:2:      layout_rooms
D:3:      layout_basic, mainiacjoe_overflow_alcove_1, marbit_many_paths,
          old_standard_altar, minmay_misc_feat_five
D:4:      layout_loops_ring, minmay_temple_entry_slanted, serial_shops,
          nicolae_shop_hallway_stairs, chequers_serial_rivers_large_b,
          nicolae_figureground_sparkle
D:5:      layout_basic, overflow_temple_1_default, uniq_eustachio, uniq_menkaure
Temple:   nicolae_temple_hex_pool

Skill      XL: |  1  2  3  4  5  6 |
---------------+-------------------+-----
Fighting       | 4 5 |  5.1
Armour         | 4 5 |  5.0
Shields        | 4 5 |  5.0
Maces & Flails | 3 4 |  4.0

Action                     |  1- 3 |  4- 6 |  7- 9 || total
---------------------------+-------+-------+-------++-------
  Melee: Flail             |   130 |   156 |    12 ||   298
    Use: Scroll            |       |    10 |       ||    10
 Armour: Chain mail        |   144 |   161 |     9 ||   314
         Scale mail        |     2 |       |       ||     2
  Dodge: Dodged            |    64 |    66 |     3 ||   133
  Block: Buckler           |    24 |    42 |     4 ||    70

Table legend: (Time is in decaauts)
 A = Elapsed time spent in this place.
 B = Non-inter-level travel time spent in this place.
 C = Inter-level travel time spent in this place.
 D = Time resting spent in this place.
 E = Time spent auto-exploring this place.
 F = Levels seen in this place.
 G = Mean time per level.
                   A        B        C        D        E       F      G
               +--------+--------+--------+--------+--------+-----+--------+
         Total |   3375 |   3058 |    317 |    273 |   2087 |   6 |  562.5 |
       Dungeon |   3288 |   3034 |    254 |    259 |   2087 |   5 |  657.6 |
        Temple |     87 |     24 |     63 |     14 |      0 |   1 |   87.0 |
               +--------+--------+--------+--------+--------+-----+--------+

Top non-repeatable levels by time:
     D:3: 1162 daAuts
     D:4: 776 daAuts
     D:1: 616 daAuts
     D:2: 579 daAuts
     D:5: 153 daAuts
  Temple: 87 daAuts
